 Dungeon Crawl Stone Soup version 0.29-a0-106-g0a07039d5a (webtiles) character file.

Game seed: 4490875157580509353

78575 kae the Grappler (level 15, -3/166 HPs)
             Began as a Grey Draconian Transmuter on Feb 16, 2022.
             Was an Elder of Ru.
             Slain by a chaos spawn (11 damage)
             ... summoned by an orc high priest
             ... on level 2 of the Orcish Mines.
             The game lasted 00:19:25 (25348 turns).

kae the Grappler (Grey Draconian Transmuter)       Turns: 25348, Time: 00:19:26

Health: -3/166     AC: 33    Str: 16    XL:     15   Next: 18%
Magic:  22/25      EV: 16    Int: 16    God:    Ru [****..]
Gold:   1924       SH:  0    Dex: 13    Spells: 18/32 levels left

rFire   . . .      SeeInvis +     - Unarmed
rCold   . . .      Faith    .   (no shield)
rNeg    + + .      Spirit   .   (armour unavailable)
rPois   ∞          Reflect  .   (helmet restricted)
rElec   +          Harm     .   (no cloak)
rCorr   .          Rampage  .   (gloves currently unavailable)
Will    +....                   (boots currently unavailable)
Stlth   +.........              x - amulet "Pedack" {rPois rN+ Regen+}
HPRegen 1.17/turn               f - ring of see invisible
MPRegen 0.19/turn               G - ring of the Tortoise {AC+8}

@: statue-form, unable to read, very slow
A: slow and powerful, torment resistance 1, boosted hp, AC +14, amphibious,
unfitting armour, cold-blooded, inability to read while threatened, inability to
use devices, hated by all, low MP 1
a: End Transformation, Renounce Religion, Sacrifice Stealth, Sacrifice
Experience, Sacrifice Courage, Reject Sacrifices, Draw Out Power, Power Leap


You were on level 2 of the Orcish Mines.
You worshipped Ru.
Ru was greatly pleased with you.
You were a living statue of rough stone.
You visited 3 branches of the dungeon, and saw 20 of its levels.

You collected 2568 gold pieces.
You spent 644 gold pieces at shops.

Inventory:

Jewellery
 a - a ring of wizardry
 f - a ring of see invisible (left fist)
 k - a ring of resist corrosion
 m - a +6 ring of strength
 n - an amulet of regeneration
 o - a +6 ring of intelligence
 p - an amulet of magic regeneration
 x - the amulet "Pedack" (around neck) {rPois rN+ Regen+}
   (You found it on level 10 of the Dungeon)

   [amulet of regeneration]

   rPois:     It protects you from poison.
   rN:        It protects you from negative energy.
   Regen:     It increases your rate of health regeneration.
 D - a ring of willpower
 F - a ring of magical power
 G - the ring of the Tortoise (right fist) {AC+8}
   (You took it off a tengu warrior on level 12 of the Dungeon)

   [ring of protection]

   AC:        It affects your AC (+8).
 H - a ring of fire
 I - the amulet "Gorhif" {Acrobat -Tele MP-9 Int+10}
   (You found it on level 12 of the Dungeon)

   [amulet of the acrobat]

   It increases your evasion while moving and waiting.
   Int:       It affects your intelligence (+10).
   MP:        It affects your magic capacity (-9).
   -Tele:     It prevents most forms of teleportation.
Scrolls
 b - 3 scrolls of silence
 e - 5 scrolls of fear
 h - a scroll of fog
 t - 8 scrolls of teleportation
 u - 9 scrolls of identify
 y - 2 scrolls of magic mapping
 A - a scroll of enchant armour
 C - 2 scrolls of enchant weapon
Potions
 c - 3 potions of cancellation
 d - 8 potions of curing
 g - 3 potions of flight
 i - 2 potions of resistance
 j - a potion of invisibility
 l - 3 potions of berserk rage
 q - 3 potions of haste
 r - 4 potions of attraction
 s - a potion of ambrosia
 v - a potion of mutation
 w - 3 potions of lignification
 z - 2 potions of magic
 E - 2 potions of brilliance


   Skills:
 + Level 10.5 Fighting
 + Level 9.1 Dodging
 * Level 13.9 Unarmed Combat
 + Level 9.1 Spellcasting
 * Level 13.6 Transmutations
 - Level 5.0 Ice Magic
 * Level 11.9 Earth Magic
 - Level 2.0 Poison Magic


You had 18 spell levels left.
You knew the following spells:

 Your Spells              Type           Power      Damage    Failure   Level
a - Beastly Appendage     Tmut           100%       N/A       1%          1
b - Spider Form           Tmut/Pois      32%        N/A       1%          3
c - Ice Form              Ice/Tmut       37%        N/A       2%          4
d - Statue Form           Tmut/Erth      32%        N/A       8%          6

Your spell library contained the following spells:

 Spells                   Type           Power      Damage    Failure   Level
 Passwall                 Tmut/Erth      40%        N/A       1%          2
 Wereblood                Tmut           50%        N/A       1%          2
 Petrify                  Tmut/Erth      48%        N/A       1%          4
 Lee's Rapid Deconstruct  Erth           22%        3d14*     1%          5
 Ignite Poison            Fire/Tmut/Pois 24%        N/A       3%          3
 Ensorcelled Hibernation  Hex/Ice        30%        N/A       5%          2
 Apportation              Tloc           14%        N/A       10%         1
 Magic Dart               Conj           28%        1d4       10%         1
 Searing Ray              Conj           14%        2d5       16%         2
 Conjure Flame            Conj/Fire      7%         6-21      30%         3
 Dazzling Flash           Conj/Hex       14%        N/A       30%         3
 Swiftness                Air            7%         N/A       30%         3
 Anguish                  Hex/Necr       3%         N/A       69%         4
 Fulminant Prism          Conj/Hex       3%         3d6       69%         4
 Iskenderun's Mystic Bla  Conj/Tloc      7%         2d4       69%         4
 Sticky Flame             Conj/Fire      7%         2d3       69%         4
 Metabolic Englaciation   Hex/Ice        7%         N/A       69%         5
 Agony                    Necr           7%         N/A       95%         5
 Silence                  Hex/Air        3%         N/A       95%         5
 Enfeeble                 Hex            3%         N/A       100%        7
 Animate Skeleton         Necr           Unusable   N/A       N/A         1
 Summon Small Mammal      Summ           Unusable   N/A       N/A         1
 Call Canine Familiar     Summ           Unusable   N/A       N/A         3
 Summon Guardian Golem    Hex/Summ       Unusable   N/A       N/A         3

Dungeon Overview and Level Annotations

Branches:
Dungeon (12/15)            Temple (0/1) D:6            Lair (6/6) D:11
  Swamp (0/4) Lair:4        Snake (0/4) Lair:3        Slime (0/5) Lair:5
    Orc (2/2) D:11
    Elf: Orc:2

Altars:
Cheibriados
Hepliaklqana
Kikubaaqudgha
Qazlal
Ru
Trog
Uskayaw
Wu Jian
Xom
Yredelemnul
Jiyva

Shops:
D:10 !:

Annotations:
D:9 Erolcha


Innate Abilities, Weirdness & Mutations

You are a living statue of rough stone.
Your actions are slow, but your melee attacks are powerful.
You are resistant to unholy torment.
Your maximum health is greatly increased.
You are immune to poison.
Your equipment is partially melded.
((Your dull iron-grey scales are very hard. (AC +14)))
You are amphibious.
You cannot fit into any form of body armour.
You are cold-blooded and may be slowed by cold attacks.
You sometimes lose the ability to read scrolls when taking damage.
You cannot study or use magical devices.
You are hated by all.
Your magical capacity is low. (-10% MP)


Message History

The orc warlord is heavily wounded.
The orc warrior hits you but does no damage.
The orc high priest invokes the aid of Beogh against you.
You resist with significant effort. The orc misses you.
The chaos spawn gores you but does no damage.
The orc warlord hits you with a +0 war axe!!
* * * LOW HITPOINT WARNING * * *
The orc wizard closely misses you. The orc warrior misses you.
You hit the orc warlord but do no damage.
The orc warlord is heavily wounded.
The orc warrior hits you but does no damage.
The orc high priest closely misses you.
The orc is stunned by your conviction and fails to attack.
The chaos spawn gores you but does no damage.
The orc warlord is stunned by your conviction and fails to attack.
The orc wizard hits you but does no damage.
The orc warrior misses you.
You punch the orc warlord!
You tail-slap the orc warlord, but do no damage.
The orc warlord is severely wounded.
The orc warrior hits you with a +0 scimitar.
* * * LOW HITPOINT WARNING * * *
You focus your inner power and blind the orc warrior in retribution!
The orc high priest calls down the wrath of Beogh upon you.
Beogh smites you!
* * * LOW HITPOINT WARNING * * *
The orc hits you but does no damage. The chaos spawn barely misses you.
The orc warlord hits you but does no damage.
The orc wizard gestures at you while chanting.
You resist with almost no effort.
The orc warrior hits you from afar with a +0 glaive.
* * * LOW HITPOINT WARNING * * *
You focus your inner power and blind the orc warrior in retribution!
You barely miss the orc warlord.
The orc warlord is severely wounded.
The orc warrior hits you with a +0 scimitar!
* * * LOW HITPOINT WARNING * * *
The orc high priest hits you but does no damage.
The orc barely misses you. The chaos spawn hits you!
You die...

###..# ##....##
##......## #........#
##.......##.
#####...........
##.#.............
#.....o).##......
##.#.4o8o####....
###.ooo4.## #...
#........# $...
###......#.....
###....#.....
##.........#
#........### ###
#####........#
##.####.#...........#


You could see an orc warlord, an orc high priest (strong), 2 chaos spawn, 2 orc
warriors, an orc wizard (strong) and an orc (strong).

Vanquished Creatures
  Nessos (Lair:5)
  Josephine (Lair:5)
  A fire dragon (Lair:6)
  12 hydras
  3 catoblepae
  3 boulder beetles
  A centaur warrior (D:10)
  A tengu warrior (D:12)
  5 death yaks
  2 two-headed ogres
  4 skeletal warriors
  A bog body (Lair:4)
  A swamp dragon (Lair:6)
  3 deep elf pyromancers (D:12)
  2 lindwurms
  3 orc knights
  2 ugly things
  An oklob plant (Lair:6)
  2 manticores
  3 orc sorcerers
  2 cyclopes
  3 centaur zombies
  Maurice (Orc:1)
  7 elephants
  A guardian serpent (D:12)
  Joseph (D:7)
  4 black mambas
  Maggie (D:6)
  20 cane toads
  The ghost of kwass the Thaumaturge, a novice GnWn (D:5)
  A gargoyle (D:10)
  2 unseen horrors
  6 rime drakes
  4 komodo dragons
  A kobold demonologist (D:12)
  A tengu conjurer (D:12)
  6 trolls
  11 polar bears
  7 slime creatures (D:12)
  2 raiju (Lair:6)
  17 blink frogs
  Sigmund (D:2)
  A shadow (D:12)
  A vampire (D:12)
  5 wyverns
  6 wraiths
  61 yaks
  3 basilisks
  A golden eye (shapeshifter) (D:12)
  11 vampire mosquitoes
  5 steam dragons
  2 nagas (Lair:3)
  8 wargs
  Duvessa (D:7)
  An acid dragon (Lair:6)
  14 water moccasins
  A swamp drake (Lair:6)
  15 hell hounds (Lair:6)
  10 orc warriors
  An ice beast (D:7)
  A sky beast (D:7)
  11 black bears (Lair:6)
  A necrophage (D:7)
  19 wolves
  4 ogres
  2 centaurs
  2 kobold brigands (D:9)
  A phantom (D:7)
  11 bullfrogs
  2 water moccasin zombies
  5 scorpions
  Dowan (D:7)
  9 killer bees
  6 howler monkeys
  A bullfrog zombie (D:6)
  A gnoll shaman (D:4)
  A hound (D:4)
  3 centaur skeletons
  9 orc priests
  Jessica (D:2)
  5 iguanas
  16 orc wizards
  A howler monkey zombie (D:10)
  4 gnolls (D:4)
  A howler monkey skeleton (D:7)
  16 adders
  A shadow imp (D:6)
  2 white imps
  3 dart slugs
  A worm (D:2)
  37 orcs
  15 ball pythons
  9 endoplasms
  9 giant cockroaches
  7 goblins
  10 hobgoblins
  7 jackals
  21 kobolds
  2 quokkas
  6 bats
  3 frilled lizards
  6 rats
572 creatures vanquished.

Vanquished Creatures (others)
  A hydra (Lair:6)
  A two-headed ogre (D:9)
  An elephant (Lair:3)
  A polar bear (Lair:6)
  A blink frog (Lair:4)
  5 dream sheep (D:9)
  A vampire mosquito (D:12)
  2 orcs
  39 fungi
  70 plants
  6 toadstools (Lair:3)
128 creatures vanquished.

Grand Total: 700 creatures vanquished

Notes
Turn   | Place    | Note
-------+----------+-------------------------------------------
     0 | D:1      | kae the Draconian Transmuter began the quest for the Orb.
     0 | D:1      | Reached XP level 1. HP: 16/16 MP: 3/3
    28 | D:1      | Reached XP level 2. HP: 2/23 MP: 5/5
   785 | D:1      | Found a faded altar of an unknown god.
  1021 | D:1      | Reached XP level 3. HP: 25/28 MP: 4/6
  1023 | D:1      | Learned a level 1 spell: Summon Small Mammal
  1027 | D:1      | Learned a level 3 spell: Spider Form
  1372 | D:2      | Noticed Sigmund
  1541 | D:2      | Killed Sigmund
  1542 | D:2      | Reached skill level 1 in Poison Magic
  1542 | D:2      | Reached XP level 4. HP: 25/36 MP: 4/7
  1542 | D:2      | Reached XP level 5. HP: 29/41 MP: 4/8
  1549 | D:2      | Learned a level 4 spell: Ice Form
  1876 | D:2      | Found a sacrificial altar of Ru.
  2025 | D:2      | Became a worshipper of Ru the Awakened
  2044 | D:2      | Noticed Jessica
  2052 | D:2      | Killed Jessica
  2335 | D:2      | Reached XP level 6. HP: 35/48 MP: 8/10
  2754 | D:2      | Identified a scroll of acquirement
  2754 | D:2      | Acquired 554 gold pieces
  2876 | D:3      | Reached skill level 1 in Ice Magic
  3129 | D:3      | Found a snail-covered altar of Cheibriados.
  3611 | D:4      | Gained mutation: You cannot study or use magical devices.
                  | [Ru sacrifice]
  3611 | D:4      | Reached * piety under Ru
  3611 | D:4      | Reached ** piety under Ru
  3936 | D:4      | Your scales start taking on a dull iron-grey colour.
  3936 | D:4      | Reached XP level 7. HP: 56/56 MP: 9/11
  3952 | D:4      | Found an ornate altar of the Wu Jian Council.
  4955 | D:4      | Reached skill level 5 in Unarmed Combat
  5083 | D:5      | Entered Level 5 of the Dungeon
  5098 | D:4      | HP: 1/68 [poisoned by an orc]
  5447 | D:5      | Found a runed translucent gate.
  5447 | D:5      | Found a runed translucent gate.
  5448 | D:5      | Found a runed translucent gate.
  5449 | D:5      | Noticed kwass's ghost (novice GnWn)
  5763 | D:5      | Killed kwass's ghost
  5764 | D:5      | Reached skill level 5 in Transmutations
  5764 | D:5      | Reached XP level 8. HP: 63/63 MP: 8/13
  5851 | D:6      | Noticed Maggie
  6095 | D:6      | Found a bloodstained altar of Trog.
  6585 | D:6      | Found a staircase to the Ecumenical Temple.
  6783 | D:7      | Noticed a two-headed ogre
  6791 | D:7      | HP: 3/79 [two-headed ogre (25)]
  7013 | D:6      | Killed Maggie
  7092 | D:7      | Reached XP level 9. HP: 71/71 MP: 11/15
  7118 | D:7      | Noticed Duvessa
  7131 | D:7      | Killed Duvessa
  7135 | D:7      | Noticed Dowan
  7141 | D:7      | Killed Dowan
  7239 | D:7      | Reached skill level 5 in Ice Magic
  7475 | D:6      | Gained mutation: You are hated by all. [Ru sacrifice]
  7475 | D:6      | Reached *** piety under Ru
  7781 | D:7      | Reached skill level 5 in Fighting
  7807 | D:7      | Noticed Joseph
  7894 | D:7      | Killed Joseph
  8036 | D:7      | Killed a two-headed ogre
  8037 | D:7      | Reached XP level 10. HP: 80/81 MP: 13/17
  8301 | D:8      | Found a stormy altar of Qazlal.
  8392 | D:8      | Reached skill level 5 in Spellcasting
  8408 | D:8      | Found an ancient bone altar of Kikubaaqudgha.
  8492 | D:8      | Noticed a cyclops
  8613 | D:8      | Killed a cyclops
  8614 | D:8      | Reached skill level 5 in Dodging
  8964 | D:9      | Noticed a two-headed ogre
  8969 | D:9      | Killed a two-headed ogre
  9051 | D:9      | Found a shimmering altar of Xom.
  9214 | D:9      | Found a sacrificial altar of Ru.
  9502 | D:9      | Noticed Erolcha
  9968 | D:10     | Entered Level 10 of the Dungeon
  9975 | D:10     | Noticed a +0 dagger
  9977 | D:10     | Noticed a +0 dagger
  9981 | D:10     | Found a hide-covered altar of Uskayaw.
 10143 | D:10     | Gained mutation: You sometimes lose the ability to read
                  | scrolls when taking damage. [Ru sacrifice]
 10143 | D:10     | Reached **** piety under Ru
 10271 | D:10     | Reached XP level 11. HP: 84/91 MP: 16/19
 10504 | D:10     | Found Nyetrona's Book Shop.
 10509 | D:10     | Bought a book of Sloth for 468 gold pieces
 10516 | D:10     | Learned a level 6 spell: Statue Form
 10613 | D:10     | Noticed a centaur warrior
 10734 | D:10     | Killed a centaur warrior
 10847 | D:10     | Found Gaohexer's Distillery.
 10855 | D:10     | Bought a potion of mutation for 128 gold pieces
 10855 | D:10     | Bought a potion of lignification for 48 gold pieces
 10898 | D:10     | Noticed a cyan ugly thing
 10907 | D:10     | Killed a cyan ugly thing
 11237 | D:10     | Identified the amulet "Pedack" {rPois rN+ Regen+}
 11379 | D:11     | Found a staircase to the Lair.
 11524 | D:11     | Noticed a skeletal warrior
 11702 | D:11     | Killed a skeletal warrior
 11703 | D:11     | Reached skill level 1 in Earth Magic
 12202 | D:11     | Noticed a six-headed hydra
 12210 | D:11     | Killed a six-headed hydra
 12210 | D:11     | Noticed a two-headed ogre
 12211 | D:11     | Reached skill level 10 in Unarmed Combat
 12574 | D:11     | Killed a two-headed ogre
 12675 | D:11     | Reached skill level 10 in Transmutations
 12812 | D:11     | Found a staircase to the Orcish Mines.
 13039 | D:11     | Noticed a skeletal warrior
 13107 | D:11     | Killed a skeletal warrior
 13321 | D:11     | Reached XP level 12. HP: 101/101 MP: 22/22
 14118 | D:10     | Found Nyetrona's Book Shop.
 14180 | D:10     | Found Gaohexer's Distillery.
 14261 | D:10     | Found a hide-covered altar of Uskayaw.
 14835 | D:11     | Found a staircase to the Lair.
 15508 | D:11     | Found a staircase to the Orcish Mines.
 15547 | Lair:1   | Entered Level 1 of the Lair of Beasts
 15615 | Lair:1   | Reached skill level 5 in Earth Magic
 15623 | Lair:1   | Noticed a six-headed hydra
 15630 | Lair:1   | Killed a six-headed hydra
 17084 | Lair:2   | Got the Tome of the Undertaker
 17424 | Lair:3   | Noticed a catoblepas
 17436 | Lair:3   | Killed a catoblepas
 17547 | Lair:3   | Found a staircase to the Snake Pit.
 17975 | Lair:3   | Noticed a four-headed hydra
 17981 | Lair:3   | Killed a four-headed hydra
 18049 | Lair:3   | Found a runed translucent door.
 18075 | Lair:3   | Noticed a catoblepas
 18737 | Lair:3   | Killed a catoblepas
 18738 | Lair:3   | Reached XP level 13. HP: 108/108 MP: 18/24
 19975 | Lair:4   | Found a staircase to the Swamp.
 20486 | Lair:5   | Found a snail-covered altar of Cheibriados.
 20510 | Lair:5   | Noticed Nessos
 20540 | Lair:5   | Killed Nessos
 20655 | Lair:5   | Found a staircase to the Slime Pits.
 21004 | Lair:5   | Noticed Josephine
 21013 | Lair:5   | Killed Josephine
 21235 | Lair:5   | Found the +8 whip "Snakebite" {venom, curare, rPois}
 21670 | Lair:6   | Entered Level 6 of the Lair of Beasts
 21951 | Lair:6   | Reached XP level 14. HP: 118/118 MP: 22/26
 22188 | Lair:6   | Reached skill level 10 in Earth Magic
 22566 | Lair:6   | Reached skill level 10 in Fighting
 24171 | D:12     | Identified the +5 quarterstaff of the Scorpion {vorpal,
                  | rF+}
 24171 | D:12     | Identified the +1 plate armour "Toohiox" {Harm rN+}
 24194 | D:12     | Reached XP level 15. HP: 92/128 MP: 25/27
 24240 | D:12     | Found the +5 robe of Night {Dark Will+ SInv}
 24245 | D:12     | Identified the amulet "Gorhif" {Acrobat -Tele MP-9 Int+10}
 24838 | Orc:1    | Entered Level 1 of the Orcish Mines
 24838 | Orc:1    | Noticed Maurice
 24844 | Orc:1    | Killed Maurice
 25036 | Orc:2    | Entered Level 2 of the Orcish Mines
 25165 | Orc:2    | Gained mutation: Your magical capacity is low. (-10% MP) [a
                  | neqoxec]
 25208 | Orc:2    | Noticed an orc warlord
 25348 | Orc:2    | HP: 8/166 [orc warrior (15)]
 25348 | Orc:2    | Slain by a chaos spawn

Illustrated notes

Levels and vault maps discovered:
D:1:      scummos_arrival_checkerplants, layout_rooms,
          hellmonk_ecumenical_altar_run_dry, minmay_misc_feat_more_columns,
          hangedman_decor_peaks_small
D:2:      layout_basic, basic_altar, grunt_ministairs_1, uniq_sigmund,
          uniq_jessica
D:3:      layout_rooms, cheibriados_altar_1, chequers_serial_rivers_micro_a
D:4:      layout_loops_ring, mainiacjoe_overflow_24_doors,
          minmay_strange_pillars, minmay_snake_closets
D:5:      layout_rooms, ebering_ghost_rock_garden
D:6:      layout_loops_ring, bloody_trog, minmay_temple_entry_from_below_a,
          hangedman_glass_teeth, uniq_maggie
D:7:      layout_basic, uniq_joseph, uniq_duvessa
D:8:      layout_basic, nicolae_hepliaklqana_hazy_memory, lemuel_doored_altar,
          general_overflow_altar, mainiacjoe_overflow_alcove_4
D:9:      layout_roguey, mainiacjoe_overflow_paths, kb_xom_exploding_sheep,
          uniq_erolcha
D:10:     cheibrodos_barr_body, layout_gridville, dancing_weapons_uskayaw,
          serial_shops, nicolae_stop_n_shop_2, shop
D:11:     layout_basic, erik_lair_orcish_takeover, orc_0_dummy, st_stairs_14
D:12:     minmay_the_grid_octo_2x2 [minmay_the_grid_octo_concentric,
          minmay_the_grid_octo_teeth, minmay_the_grid_octo_toaster,
          minmay_the_grid_octo_prize_ultimate_mussel_roller], layout_basic,
          grunt_ministairs_1, fake_guardian_serpent_vault
Lair:1:   layout_cave_shapes, grunt_megastairs_2
Lair:2:   layout_misc_corridors
Lair:3:   gammafunk_lair_enchanted_lake, layout_chaotic_city,
          minmay_snake_entry_guardpost_small, grunt_forest_small_clearing_treed
Lair:4:   layout_regular_city, skrybe_swamp_entry_bodies,
          nicolae_lair_yak_garden
Lair:5:   minmay_guarded_unrand_snakebite, layout_cave_pods, slime_altar_1,
          basic_altar, infiniplex_staircase_pool, uniq_nessos, uniq_josephine
Lair:6:   hangedman_lair_caniforms_friends, layout_loops_ring,
          guppyfry_lair_end_dragon, chequers_serial_rivers_small_3,
          chequers_serial_rivers_large_a
Orc:1:    layout_diamond_mine, uniq_maurice
Orc:2:    grunt_orc_cross, layout_diamond_mine

Skill      XL: |  1  2  3  4  5  6  7  8  9 10 11 12 13 14 15 |
---------------+----------------------------------------------+-----
Dodging        | 2 3 4 5 6 7 8 9 |  9.1
Fighting       | 2 3 4 5 6 7 8 9 10 | 10.5
Unarmed Combat | 4 5 6 7 9 10 11 12 13 | 13.9
Transmutations | 3 4 5 7 8 10 11 12 13 | 13.6
Poison Magic   | 1 2 |  2.0
Ice Magic      | 2 3 4 5 |  5.0
Spellcasting   | 3 4 5 6 7 8 9 |  9.1
Earth Magic    | 4 7 9 11 | 11.9

Action                   |  1- 3 |  4- 6 |  7- 9 | 10-12 | 13-15 || total
-------------------------+-------+-------+-------+-------+-------++-------
Melee: Unarmed           |   106 |   168 |   270 |   510 |   702 ||  1756
       Headbutt          |     9 |    10 |     8 |       |       ||    27
       Kick              |    10 |    27 |     5 |       |       ||    42
       Tailslap          |     8 |    22 |     4 |    26 |   142 ||   202
       Punch             |     1 |     3 |     2 |    15 |    53 ||    74
 Cast: Beastly Appendage |    11 |    27 |    12 |       |       ||    50
       Spider Form       |     1 |       |    13 |       |       ||    14
       Summon Small Mamm |       |     3 |       |       |       ||     3
       Ice Form          |       |       |    20 |    41 |       ||    61
       Statue Form       |       |       |       |    26 |    63 ||    89
Invok: Sacrifice Artific |       |     1 |       |       |       ||     1
       Sacrifice Love    |       |       |     1 |       |       ||     1
       Sacrifice Words   |       |       |       |     1 |       ||     1
       Power Leap        |       |       |       |     1 |     1 ||     2
       Draw Out Power    |       |       |       |       |     3 ||     3
  Use: Scroll            |       |     9 |     8 |    10 |     4 ||    31
       Potion            |       |       |     1 |       |       ||     1
 Stab: Sleeping          |       |     2 |       |       |       ||     2
       Invisible         |       |       |     2 |     2 |     3 ||     7
       Paralysed         |       |       |       |     5 |       ||     5
       Distracted        |       |       |       |       |     5 ||     5
Armor: Skin              |    42 |    62 |    69 |   202 |   489 ||   864
Dodge: Dodged            |    65 |    98 |   158 |   310 |   741 ||  1372

Table legend: (Time is in decaauts)
 A = Elapsed time spent in this place.
 B = Non-inter-level travel time spent in this place.
 C = Inter-level travel time spent in this place.
 D = Time resting spent in this place.
 E = Time spent auto-exploring this place.
 F = Levels seen in this place.
 G = Mean time per level.
                   A        B        C        D        E       F      G
               +--------+--------+--------+--------+--------+-----+--------+
         Total |  26676 |  25927 |    749 |   4398 |  17223 |  20 | 1333.8 |
       Dungeon |  17398 |  16913 |    485 |   3667 |  10595 |  12 | 1449.8 |
          Lair |   8661 |   8414 |    247 |    640 |   6324 |   6 | 1443.5 |
  Orcish Mines |    615 |    600 |     15 |     90 |    303 |   2 |  307.5 |
               +--------+--------+--------+--------+--------+-----+--------+

Top non-repeatable levels by time:
    D:10: 3035 daAuts
    D:11: 2745 daAuts
  Lair:3: 1994 daAuts
  Lair:6: 1882 daAuts
    D:12: 1615 daAuts
     D:4: 1596 daAuts
  Lair:5: 1540 daAuts
     D:1: 1524 daAuts
  Lair:4: 1413 daAuts
     D:6: 1383 daAuts
     D:2: 1240 daAuts
     D:9: 1077 daAuts
  Lair:2: 1060 daAuts
     D:3: 936 daAuts
     D:7: 891 daAuts
